 Dungeon Crawl Stone Soup version 0.26-a0-665-gefeb406119 (webtiles) character file.

Game seed: 14256488270869593642

192 Baz the Grave Robber (level 5, -12/22 HPs)
             Began as a Felid Necromancer on Oct 15, 2020.
             Mangled by an ogre
             ... wielding a +0 giant club
              (31 damage)
             ... on level 4 of the Dungeon.
             The game lasted 00:07:24 (4716 turns).

Baz the Grave Robber (Felid Necromancer)            Turns: 4716, Time: 00:07:25

Health: -12/22     AC:  1    Str:  4    XL:     5   Next: 42%
Magic:  1/10       EV: 18    Int: 17    God:
Gold:   205        SH:  0    Dex: 17    Spells: 5/10 levels left
                                        Lives:  0   Deaths: 1

rFire    . . .     SeeInvis +   (weapon unavailable)
rCold    . . .     Faith    .   (shield unavailable)
rNeg     + . .     Spirit   .   (armour unavailable)
rPois    .         Reflect  .   (helmet unavailable)
rElec    .         Harm     .   (cloak unavailable)
rCorr    .         Rampage  .   (gloves unavailable)
MR       .....                  (boots unavailable)
Stlth    +++.......             n - amulet of inaccuracy (curse)
HPRegen  0.07/turn              j - ring of positive energy
MPRegen  0.12/turn              (no ring)

@: quick
A: very small, no armour, no weapons or thrown items, stealth, claws 1, fangs 3,
see invisible, speed 1, shaggy fur 1, sharp paws
a: no special abilities


You were on level 4 of the Dungeon.
You visited 1 branch of the dungeon, and saw 4 of its levels.

You collected 205 gold pieces.

Inventory:

Jewellery
 b - an uncursed amulet of the acrobat {unknown}
 c - an uncursed amulet of regeneration {unknown}
 d - an uncursed ring of ice
 j - a ring of positive energy (left paw)
 n - a cursed amulet of inaccuracy (around neck)
Scrolls
 a - a scroll of enchant weapon
 g - 2 scrolls of magic mapping
 l - 2 scrolls of teleportation
Potions
 e - 4 potions of curing {unknown}
 f - 2 potions of haste
 h - a potion of degeneration {unknown}
 m - a potion of might {unknown}


   Skills:
 + Level 1.7 Fighting
 - Level 2.6 Dodging
 + Level 4.7 Stealth
 + Level 3.1 Spellcasting
 * Level 5.6 Necromancy


You had 5 spell levels left.
You knew the following spells:

 Your Spells              Type           Power        Failure   Level
a - Pain                  Necr           ###.         1%          1
b - Animate Skeleton      Necr           ###...       1%          1
c - Vampiric Draining     Necr           ###.......   5%          3

Your spell library contained the following spells:

 Spells                   Type           Power        Failure   Level
 Animate Dead             Necr           ###.......   17%         4
 Agony                    Necr           ###.....     43%         5


Dungeon Overview and Level Annotations

Branches:
Dungeon (4/15)
 Temple: D:4-7

Altars:
Fedhas

Annotations:
D:2 exclusion: oklob plant
D:4 exclusion: centaur


Innate Abilities, Weirdness & Mutations

You cannot wear armour.
You are incapable of wielding weapons or throwing items.
Your paws allow you to move quietly. (Stealth)
You have sharp claws.
You have razor-sharp teeth.
You have supernaturally acute eyesight. (SInv)
You cover ground quickly.
You are covered in fur. (AC +1)
Your sharp claws are effective at attacking unaware monsters.


Message History

The ogre barely resists.
The ogre closely misses you.
Casting: Pain (safe; 1% risk of failure)
Confirm with . or Enter, or press ? or * to list all spells.
Okay, then.
Casting: Pain (safe; 1% risk of failure)
Confirm with . or Enter, or press ? or * to list all spells.
Aiming: Pain (safe; 1% risk of failure)
Press: ? - help, Shift-Dir - straight line, f/p - ogre
Aim: an ogre, wielding a +0 giant club (almost dead, chance to defeat MR: 80%)
The ogre writhes in agony.
Unknown command.
Casting: Pain (safe; 1% risk of failure)
Confirm with . or Enter, or press ? or * to list all spells.
Aiming: Pain (safe; 1% risk of failure)
Press: ? - help, Shift-Dir - straight line, f/p - ogre
Aim: an ogre, wielding a +0 giant club (almost dead, chance to defeat MR: 80%)
The ogre barely resists.
The ogre hits you with a +0 giant club!!
Ouch! That really hurt!
You die...

#...##...l.#
#...##.....#
#(..##..O..######
#...##..........#
#...##..........#
#...##..##.###..#
#...##########..#
#.... #......>#
#....# #..@O...#
#c...#
#...........
#............
##..##..##...
######## ... ..


You could see an ogre.

Vanquished Creatures
  A sky beast (D:3)
  An orc wizard (D:3)
  7 adders
  A worm (D:2)
  A dart slug (D:3)
  3 leopard geckos
  5 orcs (D:3)
  8 goblins
  3 hobgoblins
  4 jackals (D:3)
  2 kobolds
  4 bats
  8 frilled lizards
  6 rats
54 creatures vanquished.

Vanquished Creatures (collateral kills)
  A jackal (D:3)
1 creature vanquished.

Grand Total: 55 creatures vanquished

Notes
Turn   | Place    | Note
-------+----------+-------------------------------------------
     0 | D:1      | Baz the Felid Necromancer began the quest for the Orb.
     0 | D:1      | Reached XP level 1. HP: 7/7 MP: 4/4
   608 | D:1      | Reached XP level 2. HP: 7/11 MP: 4/6
   773 | D:1      | Learned a level 1 spell: Animate Skeleton
  1572 | D:2      | Reached XP level 3. HP: 10/14 MP: 2/7
  1684 | D:2      | Found a blossoming altar of Fedhas.
  1697 | D:2      | Noticed an oklob plant
  2021 | D:2      | Learned a level 3 spell: Vampiric Draining
  3100 | D:3      | Reached XP level 4. HP: 15/18 MP: 3/8
  3738 | D:3      | Reached skill level 5 in Necromancy
  3757 | D:3      | Killed from afar by an orc wizard
  3758 | D:3      | Reached XP level 3. HP: -3/15 MP: 1/8
  3784 | D:3      | Reached skill level 1 in Fighting
  3784 | D:3      | Reached XP level 4. HP: 11/19 MP: 1/9
  3887 | D:3      | Noticed a sky beast
  3902 | D:3      | Killed a sky beast
  3902 | D:3      | Reached XP level 5. HP: 16/22 MP: 3/10
  4576 | D:4      | Noticed a centaur
  4591 | D:4      | Noticed an ogre
  4716 | D:4      | Mangled by an ogre

Illustrated notes

Levels and vault maps discovered:
D:1:      lemuel_arrival_river_ford, layout_basic
D:2:      layout_loops_ring, tgw_fedhas
D:3:      layout_basic
D:4:      layout_gridville

Skill      XL: |  1  2  3  4 |
---------------+-------------+-----
Stealth        | 3 4 |  4.7
Necromancy     | 5 |  5.6
Fighting       | 1 |  1.7
Spellcasting   | 3 |  3.1
Dodging        | |  2.6

Action                   |  1- 3 |  4- 6 || total
-------------------------+-------+-------++-------
Melee: Unarmed           |       |     2 ||     2
 Cast: Pain              |    73 |    61 ||   134
       Animate Skeleton  |     5 |     9 ||    14
       Vampiric Draining |       |     2 ||     2
  Use: Potion            |     2 |       ||     2
       Scroll            |       |     7 ||     7
 Stab: Sleeping          |       |     1 ||     1
Armor: Skin              |     2 |       ||     2
Dodge: Dodged            |    10 |    12 ||    22

Table legend: (Time is in decaauts)
 A = Elapsed time spent in this place.
 B = Non-inter-level travel time spent in this place.
 C = Inter-level travel time spent in this place.
 D = Time resting spent in this place.
 E = Time spent auto-exploring this place.
 F = Levels seen in this place.
 G = Mean time per level.
                   A        B        C        D        E       F      G
               +--------+--------+--------+--------+--------+-----+--------+
         Total |   4345 |   4265 |     80 |   2246 |   1452 |   4 | 1086.2 |
       Dungeon |   4345 |   4265 |     80 |   2246 |   1452 |   4 | 1086.2 |
               +--------+--------+--------+--------+--------+-----+--------+

Top non-repeatable levels by time:
     D:2: 1542 daAuts
     D:3: 1406 daAuts
     D:1: 1325 daAuts
     D:4: 71 daAuts
